AoeStats
← CobraKaiMx

Scandinavia

510548293Analyzed
1v1 RM · 17h ago on Oct 1, 2026· 15m 56s· 2 players
Game mode
Random Map
Map size
Tiny (2 player)
Population
200
Speed
Normal
Resources
Standard
Victory
Conquest
Starting age
Dark Age
Ending age
Imperial Age
RankedLock teamsTeams togetherTeam positionsShared explorationLock speedFull tech treeHidden civsTurbo modeCheats
Victory
Defeat
🇩🇪 Burgundians · Germany
1332
+15
🇲🇽 Malay · Mexico
1300
-15
CobraKaiMx
7:08 Loom
9:17 Feudal Age
8:53 Man-at-Arms
12:03 Stone Mining
15:59 Fletching
Gimni
4:02 Double-Bit Axe
9:11 Loom
10:57 Feudal Age
15:49 Castle Age
Connection lost

Rejoining the realm…

Still unreachable

The connection could not be restored.

Session expired

The server has moved on; the page needs a fresh start.